Map: Terraform LE (Void)

Players

PengWin - Winner!

  • Race: Zerg Zerg
  • League: Master

ItsSonic

  • Race: Protoss Protoss
  • League: Master

Event: Lycan League Weekly July #1

VOD

Have the link to the VOD?

Description

Time

  • Played on: July 20, 2015, 12:30 p.m.
  • Length: 7:41

All games in this series

Show
View Real Time Build Order
Export as new Build Order

PengWin Zerg - Winner!

Build Orders: Hatch First 

Get SALT Encoding   

  12  0:01  Drone  
  13  0:08  Drone  
  14  0:14  Extractor  
  14  0:15  Drone  
  15  0:37  Hatchery  
  15  0:42  Extractor  
  13  0:43  Drone  
  13  0:47  Extractor  
  13  0:48  Drone  
  15  1:04  Spawning Pool  
  15  1:10  Overlord  
  14  1:18  Drone, Extractor  
  15  1:31  Drone x2  
  17  1:37  Drone  
  18  1:51  Metabolic Boost  
  18  1:52  Queen  
  20  1:59  Drone x2  
  20  2:00  Drone  
  23  2:08  Overlord  
  23  2:12  Drone  
  23  2:13  Drone  
  25  2:22  Queen  
  27  2:32  Zergling x6  
  30  2:37  Zergling x4  
  30  2:43  Zergling x2  
  33  2:52  Zergling x2  
  33  2:54  Zergling x2  
  33  2:58  Overlord  
  35  3:01  Drone  
  36  3:16  Drone x4  
  39  3:40  Drone x2  
  39  3:41  Drone x2  
  43  3:45  Overlord x3  
  43  3:55  Hatchery  
  42  4:02  Drone x2  
  44  4:03  Lair  
  44  4:05  Drone x4, Extractor  
  44  4:06  Extractor  
  44  4:07  Extractor  
  42  4:16  Spore Crawler  
  39  4:19  Spore Crawler  
  39  4:21  Zergling x2  
  39  4:22  Zergling x8  
  43  4:43  Drone  
  43  4:44  Drone x4  
  47  4:50  Drone  
  47  4:51  Drone x5  
  52  4:53  Drone  
  52  4:54  Drone  
  53  5:17  Queen  
  54  5:21  Spire  
  54  5:26  Zergling x24  
  54  5:27  Zergling x4  
  64  5:40  Drone x4  
  68  5:48  Spore Crawler  
  68  5:50  Drone x6  
  68  5:56  Drone  
  73  6:07  Overlord x3  
  64  6:25  Extractor  
  64  6:27  Drone, Extractor  
  64  6:28  Drone x5  
  68  6:35  Mutalisk x9  
  68  6:36  Mutalisk  
  88  6:45  Drone, Hydralisk Den  
  88  6:46  Evolution Chamber  
  87  6:47  Drone x2  
  89  7:00  Overlord x2  
  89  7:01  Overlord  
  89  7:21  Zergling x14  
  89  7:22  Zergling x10  
Show
View Real Time Build Order
Export as new Build Order

ItsSonic Protoss 

Build Orders: Nexus First, Oracle Opening 

Get SALT Encoding   

  12  0:01  Probe  
  13  0:16  Pylon  
  13  0:18  Probe  
  14  0:34  Probe (Chrono Boost)  
  15  0:44  Probe (Chrono Boost)  
  16  0:51  Probe  
  17  1:04  Nexus  
  17  1:08  Probe  
  18  1:19  Gateway  
  18  1:22  Probe  
  19  1:29  Assimilator  
  19  1:33  Assimilator  
  19  1:37  Probe  
  20  1:49  Probe  
  20  1:53  Pylon  
  21  2:01  Probe  
  22  2:14  Cybernetics Core  
  23  2:17  Probe (Chrono Boost), Zealot  
  23  2:18  Probe (Chrono Boost)  
  26  2:28  Probe (Chrono Boost)  
  26  2:29  Probe (Chrono Boost)  
  28  2:36  Probe (Chrono Boost)  
  28  2:37  Probe (Chrono Boost)  
  30  2:47  Probe (Chrono Boost)  
  30  2:49  Probe (Chrono Boost)  
  32  2:52  Stargate  
  32  2:53  Probe (Chrono Boost), Warp Gate  
  32  2:57  Probe (Chrono Boost)  
  32  2:58  Adept  
  37  3:05  Probe (Chrono Boost)  
  37  3:08  Pylon  
  37  3:09  Probe (Chrono Boost)  
  39  3:14  Probe (Chrono Boost)  
  39  3:18  Probe (Chrono Boost)  
  39  3:19  Assimilator  
  40  3:22  Probe (Chrono Boost), Assimilator  
  40  3:31  Probe x2 (Chrono Boost)  
  42  3:36  Oracle (Chrono Boost)  
  42  3:39  Mothership Core (Chrono Boost)  
  42  3:41  Probe (Chrono Boost)  
  39  3:57  Probe (Chrono Boost)  
  39  3:58  Probe (Chrono Boost)  
  38  4:04  Probe  
  38  4:05  Probe  
  40  4:16  Probe  
  41  4:18  Probe  
  42  4:27  Adept (Chrono Boost)  
  42  4:28  Probe  
  42  4:30  Probe  
  45  4:40  Probe  
  45  4:42  Probe  
  47  4:50  Nexus  
  47  4:51  Pylon  
  47  4:52  Probe  
  48  4:54  Probe, Pylon  
  48  4:56  Forge  
  49  5:11  Void Ray (Chrono Boost)  
  51  5:30  Photon Cannon  
  51  5:31  Gateway  
  51  5:32  Gateway, Probe  
  50  5:50  Nexus  
  50  5:53  Probe  
  51  6:05  Probe  
  51  6:10  Adept  
  54  6:17  Probe  
  55  6:30  Nexus  
  55  6:54  Pylon  
  55  6:58  Fleet Beacon  
  55  7:02  Probe (Chrono Boost)  
  55  7:03  Adept x2  
  60  7:11  Phoenix (Chrono Boost)  
  60  7:13  Probe (Chrono Boost)  
  60  7:19  Probe (Chrono Boost)  
  60  7:20  Stargate  
  61  7:28  Photon Cannon  

Tags
 
Add a new tag
Caveats
  • Supply blocks, unpowered buildings, or Contaminate may cause inaccurate times.
  • Supply counts are checked every 10 seconds.